 Dungeon Crawl Stone Soup version 0.20-a0-949-g916514f (webtiles) character file.

167 Patate the Covert (level 5, -4/24 HPs)
             Began as a Spriggan Enchanter on Apr 4, 2017.
             Killed by divine providence
             ... invoked by an orc priest
              (13 damage)
             ... on level 4 of the Dungeon.
             The game lasted 00:08:50 (3483 turns).

Patate the Covert (Spriggan Enchanter)              Turns: 3483, Time: 00:08:51

Health: -4/24      AC:  4    Str:  5    XL:     5   Next: 23%
Magic:  6/10       EV: 24    Int: 16    God:
Gold:   119        SH:  0    Dex: 17    Spells: 1/9 levels left

rFire    . . .     SeeInvis +   a - +1 dagger
rCold    + . .     Gourm    .   (shield restricted)
rNeg     . . .     Faith    .   b - +0 robe
rPois    .         Spirit   .   (helmet restricted)
rElec    .         Reflect  .   t - +1 cloak {MR+}
rCorr    .         Harm     .   (gloves unavailable)
MR       +....                  (boots unavailable)
Stlth    ++++......             (no amulet)
Regen    0.1/turn               g - +4 ring of evasion
MPRegen  0.2/turn               s - ring of protection from cold

@: starving, very quick
A: unfitting armour, see invisible, herbivore 3, speed 3, slow metabolism 2
a: no special abilities


You were on level 4 of the Dungeon.
You were starving.

You visited 1 branch of the dungeon, and saw 4 of its levels.

You collected 119 gold pieces.

Inventory:

Hand Weapons
 a - a +1 dagger (weapon)
Armour
 b - a +0 robe (worn)
 t - a +1 cloak of magic resistance (worn)
Jewellery
 g - a +4 ring of evasion (left hand)
 s - a ring of protection from cold (right hand)
Scrolls
 e - a scroll of blinking {unknown}
 f - a scroll of remove curse {unknown}
 h - a scroll of teleportation {unknown}
 i - a scroll of magic mapping {unknown}
 l - a scroll of recharging {unknown}
 n - a scroll of immolation {unknown}
 r - 2 scrolls of enchant armour {unknown}
Potions
 j - a potion of curing
 m - 2 potions of heal wounds
 o - a potion of resistance {unknown}
 p - 2 potions of lignification {unknown}
Books
 c - a book of Maledictions

   Spells                             Type                      Level
   a - Corona                         Hexes                        1
   b - Ensorcelled Hibernation        Hexes/Ice                    2
   c - Confuse                        Hexes                        3
   d - Tukima's Dance                 Hexes                        3
   e - Dazzling Spray                 Conjuration/Hexes            3
 q - a book of Changes

   Spells                             Type                      Level
   a - Beastly Appendage              Transmutation                1
   b - Sticks to Snakes               Transmutation                2
   c - Spider Form                    Transmutation/Poison         3
   d - Ice Form                       Ice/Transmutation            4
   e - Blade Hands                    Transmutation                5
 u - a book of Minor Magic

   Spells                             Type                      Level
   a - Magic Dart                     Conjuration                  1
   b - Blink                          Translocation                2
   c - Call Imp                       Summoning                    2
   d - Slow                           Hexes                        2
   e - Conjure Flame                  Conjuration/Fire             3
   f - Mephitic Cloud                 Conjuration/Poison/Air       3
Comestibles
 d - 2 bread rations
 k - 2 royal jellies


   Skills:
 - Level 1.1 Short Blades
 + Level 4.8 Dodging
 + Level 8.3 Stealth
 - Level 2.6 Spellcasting
 - Level 3.6 Hexes


You had one spell level left.
You knew the following spells:

 Your Spells              Type           Power        Failure   Level  Hunger
a - Corona                Hex            ##.....      6%          1    #......
b - Ensorcelled Hibernat  Hex/Ice        #.....       17%         2    ##.....
c - Confuse               Hex            ##......     14%         3    ###....
d - Blink                 Tloc           N/A          30%         2    ##.....


Dungeon Overview and Level Annotations

Branches:
Dungeon (4/15)
 Temple: D:4-7

Altars:
Ashenzari
Cheibriados

Portals:
Ossuary: D:4


Innate Abilities, Weirdness & Mutations

You are very small and have problems with some larger weapons.
You are too small for most types of armour.
You have supernaturally acute eyesight. (SInv)
You are a herbivore.
You cover ground extremely quickly.
You need consume almost no food.


Message History

Confirm with . or Enter, or press ? or * to list all spells.
Aiming: Ensorcelled Hibernation
Press: ? - help, Shift-Dir - straight line, f - orc
Aim: an orc, wielding a hand axe (lightly wounded, chance to defeat MR: 56%)
The orc resists with significant effort.
The orc closely misses you.
You hit the orc.
The orc is almost dead.
The orc closely misses you. The orc completely misses you.
Casting: Ensorcelled Hibernation
Confirm with . or Enter, or press ? or * to list all spells.
Aiming: Ensorcelled Hibernation
Press: ? - help, Shift-Dir - straight line, f/p - orc
Aim: an orc, wielding a hand axe (almost dead, chance to defeat MR: 56%)
The orc resists with significant effort.
You are starving!
The orc priest calls down the wrath of Beogh upon you.
Beogh smites you!
Ouch! That really hurt!
You die...

..... ####.......
#.....∩....
#........# #
#########.##.....
#.#................
#.#.#........##.###
#.....######....#
###...######..@.#
#.>......#.#o##.#
#.#.####.#..oo..#
#...# ###.o###
#.### .....
#...#### #...#$#
#......# #.#...#
#....#.# .. .###
#......# ## .#


You could see an orc priest and 3 orcs.

Vanquished Creatures
  Crazy Yiuf (D:2)
  A gnoll (D:1)
  5 adders (D:2)
  An ooze (D:3)
  An adder skeleton (D:2)
  An adder zombie (D:2)
  2 worms
  2 dart slugs
  2 leopard geckos (D:2)
  6 bats
  A bat zombie (D:2)
  6 giant cockroaches
  10 goblins
  4 hobgoblins
  2 jackals (D:2)
  3 kobolds
  2 quokkas (D:2)
  2 frilled lizards
  A quokka skeleton (D:2)
  7 rats
60 creatures vanquished.

Notes
Turn   | Place    | Note
-------+----------+-------------------------------------------
     0 | D:1      | Patate the Spriggan Enchanter began the quest for the Orb.
     0 | D:1      | Reached XP level 1. HP: 9/9 MP: 5/5
   133 | D:1      | Reached skill level 5 in Stealth
   143 | D:1      | Reached XP level 2. HP: 11/13 MP: 6/6
   512 | D:1      | Reached skill level 6 in Stealth
   536 | D:1      | Learned a level 2 spell: Ensorcelled Hibernation
   804 | D:1      | Reached XP level 3. HP: 11/16 MP: 2/8
  1256 | D:2      | Found a shattered altar of Ashenzari.
  1294 | D:2      | Learned a level 3 spell: Confuse
  1313 | D:2      | Found a snail-covered altar of Cheibriados.
  1429 | D:2      | Reached skill level 7 in Stealth
  2260 | D:3      | Reached XP level 4. HP: 11/21 MP: 4/9
  3288 | D:2      | Reached skill level 8 in Stealth
  3304 | D:2      | Reached XP level 5. HP: 24/24 MP: 10/10
  3314 | D:2      | Found a runed door.
  3318 | D:2      | Noticed Crazy Yiuf
  3322 | D:2      | Killed Crazy Yiuf
  3446 | D:4      | Learned a level 2 spell: Blink
  3471 | D:4      | Found a sand-covered staircase.
  3483 | D:4      | Killed from afar by an orc priest

Vault maps used:
D:1:      lightli_arrival_maybe_door_vault
D:2:      kennysheep_big_flooded_room, cheibriados_altar_1, serial_undead,
          serial_undead_e, serial_undead_e, serial_undead_e, serial_undead_f,
          ashenzari_altar_1, uniq_crazy_yiuf_cottage
D:4:      enter_ossuary_1, kennysheep_small_square, uniq_robin

Skill      XL: |  1  2  3  4 |
---------------+-------------+-----
Stealth        | 5 6 7 8 |  8.3
Dodging        | 4 |  4.8
Short Blades   | |  1.1
Spellcasting   | |  2.6
Hexes          | |  3.6

Action                   |  1- 3 |  4- 6 || total
-------------------------+-------+-------++-------
Melee: Dagger            |   185 |    91 ||   276
 Cast: Ensorcelled Hiber |     9 |    13 ||    22
       Confuse           |     1 |       ||     1
  Use: Scroll            |     3 |       ||     3
 Stab: Sleeping          |    13 |    10 ||    23
Armor: Robe              |    20 |     1 ||    21
Dodge: Dodged            |   178 |    86 ||   264
